 Dungeon Crawl Stone Soup version 0.29-a0-885-gb26ba3297d (webtiles) character file.

Game seed: 16320689277527983955

33 xian the Conjurer (level 3, -1/24 HPs)
             Began as a Demonspawn Conjurer on July 20, 2022.
             Slain by an adder (3 damage)
             ... on level 2 of the Dungeon.
             The game lasted 00:02:03 (958 turns).

xian the Conjurer (Demonspawn Conjurer)              Turns: 958, Time: 00:02:03

Health: -1/24      AC:  2    Str:  7    XL:     3   Next: 12%
Magic:  1/6        EV: 12    Int: 21    God:
Gold:   37         SH:  0    Dex: 11    Spells: 3/6 levels left

rFire   . . .      SeeInvis .   e - +0 falchion
rCold   . . .      Faith    .   (no shield)
rNeg    . . .      Spirit   .   a - +0 robe
rPois   .          Reflect  .   (no helmet)
rElec   .          Harm     .   (no cloak)
rCorr   .          Rampage  .   (no gloves)
Will    .....                   (no boots)
Stlth   ++........              (no amulet)
HPRegen 0.08/turn               (no ring)
MPRegen 0.10/turn               (no ring)

@: lethally poisoned (-1 -> -6)
A: powered by pain 1
a: no special abilities


You were on level 2 of the Dungeon.
You visited 1 branch of the dungeon, and saw 2 of its levels.

You collected 37 gold pieces.

Inventory:

Hand Weapons
 e - a +0 falchion (weapon)
Armour
 a - a +0 robe (worn)
Scrolls
 c - a scroll of fog {unknown}
 f - a scroll of vulnerability {unknown}
 h - 2 scrolls of fear {unknown}
Potions
 b - a potion of magic
 d - a potion of curing {unknown}
 g - a potion of degeneration {unknown}
 i - a potion of haste {unknown}


   Skills:
 + Level 1.9 Dodging
 + Level 1.9 Stealth
 + Level 2.2 Spellcasting
 + Level 4.8 Conjurations


You had 3 spell levels left.
You knew the following spells:

 Your Spells              Type           Power      Damage    Failure   Level
a - Magic Dart            Conj           88%        1d7       1%          1
b - Searing Ray           Conj           44%        2d6       3%          2

Your spell library contained the following spells:

 Spells                   Type           Power      Damage    Failure   Level
 Necrotise                Necr           8%         1d4       14%         1
 Dazzling Flash           Conj/Hex       24%        N/A       16%         3
 Vampiric Draining        Necr           2%         2d6       41%         3
 Fulminant Prism          Conj/Hex       6%         3d7       47%         4
 Iskenderun's Mystic Bla  Conj/Tloc      12%        2d5       47%         4
 Animate Armour           Summ/Erth      4%         N/A       82%         4
 Agony                    Necr           2%         N/A       99%         5
 Blade Hands              Tmut           1%         N/A       99%         5
 Iron Shot                Conj/Erth      6%         9d2       100%        6


Dungeon Overview and Level Annotations

Branches:
Dungeon (2/15)

Altars:


Innate Abilities, Weirdness & Mutations

You sometimes gain a little power by taking damage.


Message History

Aim: an adder (63% to hit)
The searing ray misses the adder. (Press . to maintain the ray.)
The adder barely misses you.
Unknown command.
You hit the adder but do no damage. The adder barely misses you.
The adder bites you.
You closely miss the adder. The adder closely misses you. x2
You barely miss the adder. The adder misses you.
You barely miss the adder. The adder barely misses you.
The adder closely misses you.
You hit the adder but do no damage. The adder barely misses you.
The adder bites you.
You closely miss the adder. The adder bites you.
You are poisoned.
The adder poisons you! The adder closely misses you.
You hit the adder.
The adder is moderately wounded.
You feel sick. The adder bites you.
You are more poisoned.
The adder poisons you!
You barely miss the adder.
The adder is moderately wounded.
You feel sick. The adder bites you.
You are lethally poisoned!
The adder poisons you! The adder completely misses you.
You barely miss the adder.
The adder is moderately wounded.
* * * LOW HITPOINT WARNING * * *
You feel very sick. The adder bites you but does no damage.
The adder closely misses you.
You closely miss the adder.
The adder is moderately wounded.
* * * LOW HITPOINT WARNING * * *
You feel sick. The adder barely misses you.
You barely miss the adder.
The adder is moderately wounded.
* * * LOW HITPOINT WARNING * * *
You feel sick. The adder bites you.
You die...

†. ####S###
#....#.. #.#
#.########
#.####..).....+
#....#...######
##......<#
####.'''''.#
......'''S@.#
#####.''_''.#
#.'''''.#
#.'''''##
#......#
#..###### ...#
#..


You could see an adder.

Vanquished Creatures
  2 dart slugs (D:1)
  3 giant cockroaches
  2 goblins (D:1)
  3 hobgoblins (D:1)
  2 jackals (D:2)
  2 quokkas (D:1)
  6 bats
  3 frilled lizards (D:1)
  A kobold (D:2)
  3 rats (D:1)
27 creatures vanquished.

Notes
Turn   | Place    | Note
-------+----------+-------------------------------------------
     0 | D:1      | xian the Demonspawn Conjurer began the quest for the Orb.
     0 | D:1      | Reached XP level 1. HP: 13/13 MP: 3/3
   178 | D:1      | Gained mutation: You sometimes gain a little power by
                  | taking damage. [demonic ancestry]
   178 | D:1      | Reached XP level 2. HP: 19/19 MP: 1/5
   297 | D:1      | Learned a level 2 spell: Searing Ray
   867 | D:2      | Reached XP level 3. HP: 24/24 MP: 4/6
   878 | D:2      | Found a faded altar of an unknown god.
   958 | D:2      | Slain by an adder

Illustrated notes

Levels and vault maps discovered:
D:1:      ebering_hopf_link, layout_basic
D:2:      layout_basic, basic_altar, hellmonk_ecumenical_altar_heavens_door,
          minmay_randomly_rotated_circles

Action                   || total
-------------------------++-------
Melee: Dagger            ||     3
       Falchion          ||    13
 Cast: Magic Dart        ||    43
       Searing Ray       ||     1
Armor: Robe              ||     7
Dodge: Dodged            ||    24

Table legend: (Time is in decaauts)
 A = Elapsed time spent in this place.
 B = Non-inter-level travel time spent in this place.
 C = Inter-level travel time spent in this place.
 D = Time resting spent in this place.
 E = Time spent auto-exploring this place.
 F = Levels seen in this place.
 G = Mean time per level.
                   A        B        C        D        E       F      G
               +--------+--------+--------+--------+--------+-----+--------+
         Total |    960 |    960 |      0 |      0 |    782 |   2 |  480.0 |
       Dungeon |    960 |    960 |      0 |      0 |    782 |   2 |  480.0 |
               +--------+--------+--------+--------+--------+-----+--------+

Top non-repeatable levels by time:
     D:1: 864 daAuts
     D:2: 95 daAuts
